 Dungeon Crawl Stone Soup version 0.30-a0-879-ga8ba668304 (console) character file.

Game seed: 14354919833761223625

2236 Banquo the Magician (level 9, -1/62 HPs)
             Began as a Djinni Air Elementalist on Mar 13, 2023.
             Was a Priest of Cheibriados.
             Slain by a yak (12 damage)
             ... on level 7 of the Dungeon.
             The game lasted 00:22:43 (6843 turns).

Banquo the Magician (Djinni Air Elementalist)       Turns: 6843, Time: 00:22:43

Health: -1/62      AC:  5    Str: 15    XL:     9   Next: 63%
Gold:   384        EV: 14    Int: 29    God:    Cheibriados [***...] SH:  8 Dex: 22

rFire   + + +      SeeInvis .    b - +7 sling {speed, +Blink rPois rC++}
rCold   + + .      Faith    .    i - +2 buckler
rNeg    . . .      Spirit   .    d - +0 robe {rC+ rF+}
rPois   ∞          Reflect  .    h - +2 hat
rElec   .          Rampage  .    e - +0 cloak
rCorr   .                        (no gloves)
Will    .....                    (boots unavailable)
Stlth   ++                       (no amulet)
HPRegen 0.30/turn                W - ring of wizardry
MPRegen 0.00/turn                (no ring)

@: flying, very slow
A: sickness immunity, fire resistance 2, cold vulnerability 1, float, innate
caster, HP casting, extra vitality 1
a: Renounce Religion, Evoke Blink, Bend Time, Temporal Distortion


You were on level 7 of the Dungeon.
You worshipped Cheibriados.
Cheibriados was most pleased with you.
You visited 1 branch of the dungeon, and saw 7 of its levels.

You collected 526 gold pieces.
You spent 142 gold pieces at shops.

Inventory:

Hand Weapons
 a - a +2 short sword of protection
 b - the +7 sling of the Equator (weapon) {speed, +Blink rPois rC++}
   (You found it on level 3 of the Dungeon)

   rC:        It greatly protects you from cold.
   rPois:     It protects you from poison.
   +Blink:    It lets you blink.
   Cheibriados disapproves of the use of such an item.
 n - a +0 rapier
 r - a +2 falchion of protection
 A - a +0 dagger
 I - a +4 falchion
Armour
 d - a +0 robe of resistance (worn)
 e - a +0 cloak (worn)
 g - a +0 robe
 h - a +2 hat (worn)
 i - a +2 buckler (worn)
Jewellery
 k - a ring of fire
 B - a ring of fire
 W - a ring of wizardry (left hand)
Wands
 f - a wand of flame (32)
 w - a wand of polymorph (3)
Scrolls
 j - 2 scrolls of enchant weapon {unknown}
 l - 2 scrolls of fog {unknown}
 q - 3 scrolls of teleportation {unknown}
 t - a scroll of amnesia {unknown}
 v - a scroll of summoning {unknown}
 x - a scroll of enchant armour {unknown}
 C - a scroll of fear {unknown}
 D - a scroll of acquirement {unknown}
 E - a scroll of magic mapping {unknown}
 G - 2 scrolls of noise {unknown}
Potions
 c - 2 potions of curing
 m - 2 potions of mutation
 o - 3 potions of berserk rage {unknown}
 p - 2 potions of lignification
 s - 2 potions of heal wounds
 u - 2 potions of ambrosia {unknown}
 z - 2 potions of haste {unknown}
 F - a potion of resistance {unknown}
 H - a potion of might {unknown}


   Skills:
 * Level 4.3 Fighting
 * Level 3.5 Armour
 * Level 4.5 Dodging
 - Level 1.5 Stealth
 * Level 3.4 Shields
 + Level 7.0 Spellcasting
 * Level 3.0 Invocations


You knew the following spells:

 Your Spells              Type           Power      Damage    Failure   Level
a - Shock                 Conj/Air       100%       1d9       1%          1
b - Lesser Beckoning      Tloc           100%       N/A       1%          2
d - Static Discharge      Conj/Air       100%       2-7/arc   1%          2
i - Call Imp              Summ           50%        N/A       1%          2
k - Kiss of Death         Conj/Necr      100%       2d13      1%          1
l - Summon Lightning Spi  Summ/Air       50%        N/A       1%          4
z - Airstrike             Air            25%        2d(4-20)  1%          4
M - Swiftness             Air            50%        N/A       1%          3
Your spell library was empty.

Dungeon Overview and Level Annotations

Branches:
Dungeon (7/15)             Temple (0/1) D:4

Altars:
Cheibriados
Makhleb
Qazlal

Shops:
D:1 [   D:3 :   D:5 (   D:6 [

Annotations:
D:2 1 runed translucent door, Crazy Yiuf


Innate Abilities, Weirdness & Mutations

You are immune to sickness and miasma.
You are immune to poison.
Your flesh is very heat resistant. (rF++)
You are vulnerable to cold. (rC-)
You float through the air rather than walking.
You learn spells naturally, not from books.
Your magical power is your life essence.
You have superior vitality. (+4 MHP)


Message History

The yak gores you. You block the yak's attack.
Casting: Airstrike (dangerous; 1% risk of failure)
Confirm with . or Enter, or press ? or * to list all spells.
The yak is struck by an arc of lightning.
The yak is lightly wounded.
The yak is struck by an arc of lightning.
The yak is almost dead.
The lightning grounds out.
The yak is struck by an arc of lightning.
The yak is almost dead.
The yak is struck by an arc of lightning.
The yak is moderately wounded.
You are struck by an arc of lightning.
The lightning grounds out.
You block the yak's attack. The yak gores you. The yak misses you.
Casting: Static Discharge (safe; 1% risk of failure)
Confirm with . or Enter, or press ? or * to list all spells.
The yak is struck by an arc of lightning!
You kill the yak!
Cheibriados appreciates the change of pace.
The yak is struck by an arc of lightning.
The yak is heavily wounded.
The lightning grounds out.
The yak gores you. The yak gores you!
Your Spellcasting skill increases to level 7!
Your Invocations skill increases to level 3!
Casting: Static Discharge (safe; 1% risk of failure)
Confirm with . or Enter, or press ? or * to list all spells.
The yak is struck by an arc of lightning.
The yak is heavily wounded.
You are struck by an arc of lightning.
* * * LOW HITPOINT WARNING * * *
The yak is struck by an arc of lightning!
The yak is severely wounded.
You are struck by an arc of lightning.
* * * LOW HITPOINT WARNING * * *
The yak is struck by an arc of lightning.
The yak is almost dead.
The lightning grounds out.
* * * LOW HITPOINT WARNING * * *
The yak gores you!
You die...

###..#.##..........###....
#.##....#.............###....
..... #...................#..
......... ###..##............# ..
.#.......#####..#.#..........##
##............Y...##..........#
......................##....###
.......###.....Y†Y.##.#..)....##
.....!..#.......@.......)........
.....)........##....#..........##
..............##....#............
.....[.......###...[...).........
.#.[##....##..#....[[..#.........
.#...#.....#.......<)..##........
.##........#...........#.........
###........#...#.......# .......
#............##.##....# .......


You could see 3 yaks.

Vanquished Creatures
  2 yaks (D:7)
  A wyvern (D:7)
  A sky beast (D:6)
  2 ice beasts
  3 ogres
  Blork the orc (D:6)
  A kobold brigand (D:7)
  A gnoll sergeant (D:5)
  2 bullfrogs
  5 wights (D:6)
  A crimson imp (D:5)
  A jelly (D:5)
  2 hounds
  3 orc priests
  A sleepcap (D:6)
  Jessica (D:2)
  4 iguanas
  5 orc wizards
  6 adders
  A shadow imp (D:6)
  2 white imps (D:5)
  2 ufetubi
  3 dart slugs (D:2)
  23 orcs
  8 endoplasms
  2 giant cockroaches
  8 goblins
  7 hobgoblins
  4 quokkas
  4 ball pythons
  4 bats
  4 frilled lizards
  13 kobolds
  4 rats (D:1)
132 creatures vanquished.

Notes
Turn   | Place    | Note
-------+----------+-------------------------------------------
     0 | D:1      | Banquo the Djinni Air Elementalist began the quest for the
                  | Orb.
     0 | D:1      | Banquo set off with the following spells memorised: Shock,
                  | Static Discharge, Swiftness, Airstrike.
     0 | D:1      | Reached XP level 1. HP: 15/15 MP: 0/0
   227 | D:1      | Reached XP level 2. HP: 18/22 MP: 0/0
   557 | D:1      | Found Torowaz's Antique Armour Shoppe.
   836 | D:1      | Reached skill level 3 in Spellcasting
   967 | D:1      | Reached XP level 3. HP: 25/26 MP: 0/0
   967 | D:1      | Learned a level 1 spell: Kiss of Death
  1135 | D:2      | Noticed Jessica
  1142 | D:2      | Killed Jessica
  1143 | D:2      | Reached skill level 1 in Fighting
  1143 | D:2      | Reached XP level 4. HP: 6/32 MP: 0/0
  1565 | D:2      | Found a runed translucent door.
  1566 | D:2      | Noticed Crazy Yiuf
  1780 | D:2      | Found a faded altar of an unknown god.
  1796 | D:2      | Prayed at the altar of an unknown god.
  1796 | D:2      | Became a worshipper of Cheibriados the Contemplative
  1796 | D:2      | Reached * piety under Cheibriados
  2028 | D:3      | Identified the +7 sling of the Equator {speed, +Blink rPois
                  | rC++}
  2478 | D:3      | Reached XP level 5. HP: 37/38 MP: 0/0
  2478 | D:3      | Learned a level 2 spell: Lesser Beckoning
  2489 | D:3      | Reached skill level 4 in Spellcasting
  2743 | D:3      | Found Kygrump's Book Shoppe.
  3082 | D:1      | Bought a twisted robe for 142 gold pieces
  3082 | D:1      | Identified the +1 robe of Disguise {-Cast Will++} (You
                  | bought it in a shop on level 1 of the Dungeon)
  3290 | D:4      | Found a staircase to the Ecumenical Temple.
  3795 | D:4      | Reached XP level 6. HP: 42/43 MP: 0/0
  4141 | D:5      | Entered Level 5 of the Dungeon
  4377 | D:5      | Reached skill level 1 in Armour
  4454 | D:5      | Reached ** piety under Cheibriados
  4528 | D:5      | Reached skill level 1 in Shields
  4652 | D:5      | Found Juwyim's Weapon Shoppe.
  4658 | D:5      | Reached XP level 7. HP: 27/49 MP: 0/0
  4658 | D:5      | Learned a level 2 spell: Call Imp
  4885 | D:5      | Reached skill level 5 in Spellcasting
  5167 | D:5      | Found a burning altar of Makhleb.
  5461 | D:6      | Reached skill level 1 in Invocations
  5464 | D:6      | Reached XP level 8. HP: 52/56 MP: 0/0
  5557 | D:6      | Noticed Blork the orc
  5561 | D:6      | Killed Blork the orc
  5660 | D:6      | Found Ovagenue's Antique Armour Emporium.
  5739 | D:6      | Found a stormy altar of Qazlal.
  5796 | D:6      | Reached skill level 6 in Spellcasting
  6097 | D:6      | Reached *** piety under Cheibriados
  6141 | D:6      | Reached XP level 9. HP: 54/62 MP: 0/0
  6141 | D:6      | Learned a level 4 spell: Summon Lightning Spire
  6843 | D:7      | Reached skill level 7 in Spellcasting
  6843 | D:7      | Slain by a yak

Illustrated notes

Levels and vault maps discovered:
D:1:      lightli_arrival_statuegarden, layout_basic, serial_shops, shop,
          nicolae_hexahallways, st_stairs_10
D:2:      layout_rooms, shapermc_ecumenical_altar_ellora, minmay_tall_x,
          uniq_jessica, uniq_crazy_yiuf_cottage
D:3:      layout_loops_corners, serial_shops, shop, minivault_5
D:4:      layout_basic, minmay_temple_entry_poolview, kennysheep_generic_room_8
D:5:      layout_basic, makhleb_grotto_becter, mainiacjoe_overflow_boulevard,
          kennysheep_small_square
D:6:      layout_rooms, mainiacjoe_overflow_small_starburst, serial_shops, shop,
          st_stairs_1, uniq_blork_the_orc
D:7:      layout_cave_pools

Skill      XL: |  1  2  3  4  5  6  7  8  9 |
---------------+----------------------------+-----
Spellcasting   | 3 4 5 6 7 |  7.0
Fighting       | 1 2 3 4 |  4.3
Armour         | 1 2 3 |  3.5
Shields        | 1 2 3 |  3.4
Dodging        | 3 4 |  4.5
Invocations    | 1 2 3 |  3.0
Stealth        | |  1.5

Action                     |  1- 3 |  4- 6 |  7- 9 || total
---------------------------+-------+-------+-------++-------
  Melee: Short sword       |       |     1 |       ||     1
   Fire: Sling             |       |     8 |       ||     8
   Cast: Shock             |    55 |    92 |    35 ||   182
         Static Discharge  |     1 |    16 |    15 ||    32
         Airstrike         |       |       |    50 ||    50
         Call Imp          |       |       |     1 ||     1
    Use: Scroll            |       |       |     6 ||     6
 Armour: Robe              |       |     4 |       ||     4
  Dodge: Dodged            |     1 |     5 |    11 ||    17
  Block: Buckler           |       |     3 |    10 ||    13

Table legend: (Time is in decaauts)
 A = Elapsed time spent in this place.
 B = Non-inter-level travel time spent in this place.
 C = Inter-level travel time spent in this place.
 D = Time resting spent in this place.
 E = Time spent auto-exploring this place.
 F = Levels seen in this place.
 G = Mean time per level.
                   A        B        C        D        E       F      G
               +--------+--------+--------+--------+--------+-----+--------+
         Total |   8343 |   7594 |    749 |   1003 |   5636 |   7 | 1191.9 |
       Dungeon |   8343 |   7594 |    749 |   1003 |   5636 |   7 | 1191.9 |
               +--------+--------+--------+--------+--------+-----+--------+

Top non-repeatable levels by time:
     D:5: 1679 daAuts
     D:3: 1473 daAuts
     D:4: 1425 daAuts
     D:6: 1282 daAuts
     D:1: 1153 daAuts
     D:2: 988 daAuts
     D:7: 339 daAuts
